 Dungeon Crawl Stone Soup version 0.26.1-16-g4e020e15dc (webtiles) character file.

Game seed: 16847845930106800822

7 croobank the Caller (level 1, -3/7 HPs)
             Began as a Felid Summoner on Apr 17, 2023.
             Slain by a hobgoblin
             ... wielding a +0 club
              (5 damage)
             ... on level 1 of the Dungeon.
             The game lasted 00:01:53 (600 turns).

croobank the Caller (Felid Summoner)                 Turns: 600, Time: 00:01:54

Health: -3/7       AC:  1    Str:  4    XL:     1   Next: 91%
Magic:  1/4        EV: 18    Int: 16    God:
Gold:   37         SH:  0    Dex: 16    Spells: 3/4 levels left
                                        Lives:  0   Deaths: 0

rFire    . . .     SeeInvis +   (weapon unavailable)
rCold    . . .     Faith    .   (shield unavailable)
rNeg     . . .     Spirit   .   (armour unavailable)
rPois    .         Reflect  .   (helmet unavailable)
rElec    .         Harm     .   (cloak unavailable)
rCorr    .         Rampage  .   (gloves unavailable)
Will     .....                  (boots unavailable)
Stlth    +++.......             (no amulet)
HPRegen  0.02/turn              (no ring)
MPRegen  0.09/turn              (no ring)

@: quick
A: very small, no armour, no weapons or thrown items, stealth, claws 1, fangs 3,
see invisible, speed 1, shaggy fur 1, sharp paws
a: no special abilities


You were on level 1 of the Dungeon.
You visited 1 branch of the dungeon, and saw 1 of its levels.

You collected 37 gold pieces.

Inventory:

Scrolls
 a - a scroll of remove curse {unknown}
Potions
 b - a potion of brilliance {unknown}
 c - a potion of degeneration {unknown}


   Skills:
 + Level 2.6 Dodging
 + Level 2.6 Stealth
 + Level 2.3 Spellcasting
 + Level 4.1 Summonings


You had 3 spell levels left.
You knew the following spells:

 Your Spells              Type           Power        Failure   Level
a - Summon Small Mammal   Summ           60%          3%          1

Your spell library contained the following spells:

 Spells                   Type           Power        Failure   Level
 Call Imp                 Summ           15%          5%          2
 Call Canine Familiar     Summ           15%          11%         3
 Summon Guardian Golem    Hex/Summ       8%           26%         3
 Summon Ice Beast         Ice/Summ       8%           63%         4
 Summon Lightning Spire   Summ/Air       8%           63%         4


Dungeon Overview and Level Annotations

Branches:
Dungeon (1/15)

Altars:


Innate Abilities, Weirdness & Mutations

You cannot wear armour.
You are incapable of wielding weapons or throwing items.
Your paws allow you to move quietly. (Stealth)
You have sharp claws.
You have razor-sharp teeth.
You have supernaturally acute eyesight. (SInv)
You cover ground quickly.
You are covered in fur. (AC +1)
Your sharp claws are effective at attacking unaware monsters.


Message History

* * * LOW HITPOINT WARNING * * *
Your rat barely misses the hobgoblin.
The bat hits your rat.
The hobgoblin hits your rat with a +0 club.
The bat misses your rat.
Your rat misses the bat.
Your rat bites the bat.
You scratch the bat.
The bat is heavily wounded.
The bat closely misses you.
Your rat closely misses the hobgoblin.
The goblin hits your rat with a +0 dagger of venom.
Your rat dies!
Your rat's corpse disappears in a puff of smoke!
The bat completely misses you. The bat misses you.
You see here 19 stones.
The bat hits you but does no damage. The bat closely misses you.
The bat misses you. The hobgoblin hits you with a +0 club.
Ouch! That really hurt!
You die...

...# ##....†...
##.###.# ##.........
#......#
###.#.#.....#
#..#####
#.>...##.#### #..#
#.#.###.## #.g#
#.##.#.# #.g##### #.#
#.#
#..#(b.#####.#####
#....#g@........#####
####.g.#####.##.....#
##.## #.######.####
#.# #............ #.#
########..... #.#
###### #.# ###.###
####### #.....#
#.....#


You could see 2 hobgoblins and a bat.

Vanquished Creatures (collateral kills)
  An ooze (D:1)
  A bat (D:1)
  2 giant cockroaches (D:1)
  A goblin (D:1)
  A ball python (D:1)
  A kobold (D:1)
7 creatures vanquished.

Notes
Turn   | Place    | Note
-------+----------+-------------------------------------------
     0 | D:1      | croobank the Felid Summoner began the quest for the Orb.
     0 | D:1      | Reached XP level 1. HP: 7/7 MP: 4/4
   600 | D:1      | Slain by a hobgoblin

Illustrated notes

Levels and vault maps discovered:
D:1:      erik_arrival_triangle_medium, layout_loops_ring,
          kennysheep_decorative_pillar, kennysheep_flooded_box,
          minmay_split_cup_small

Action                   || total
-------------------------++-------
Melee: Unarmed           ||     3
       Bite              ||     1
 Cast: Summon Small Mamm ||    16
Armor: Skin              ||     2
Dodge: Dodged            ||    14
